 Dungeon Crawl Stone Soup version 0.27-a0-765-ge4d627daa3 (webtiles) character file.

Game seed: 4568324368276280426

42 dickylongcocking the Skirmisher (level 3, 0/31 HPs)
             Began as a Djinni Monk on Mar 25, 2021.
             Slain by a ball python (3 damage)
             ... on level 2 of the Dungeon.
             The game lasted 00:01:13 (1418 turns).

dickylongcocking the Skirmisher (Djinni Monk)       Turns: 1418, Time: 00:01:14

Health: 0/31       AC:  4    Str: 11    XL:     3   Next: 56%
Gold:   58         EV: 12    Int: 11    God:
                   SH:  0    Dex: 15

rFire    + + +     SeeInvis .   a - +0 falchion (flame)
rCold    . . .     Faith    .   (no shield)
rNeg     . . .     Spirit   .   e - +1 leather armour
rPois    ∞         Reflect  .   (no helmet)
rElec    +         Harm     .   (no cloak)
rCorr    +         Rampage  .   (no gloves)
Will     .....                  (boots unavailable)
Stlth    ++........             (no amulet)
HPRegen  0.10/turn              (no ring)
MPRegen  0.00/turn              (no ring)

@: resistant, attractive, flying
A: fire resistance 2, cold vulnerability 1, float, innate caster, hp casting,
extra vitality 1
a: no special abilities


You were on level 2 of the Dungeon.
You visited 1 branch of the dungeon, and saw 2 of its levels.

You collected 58 gold pieces.

Inventory:

Hand Weapons
 a - a +0 falchion of flaming (weapon)
Armour
 b - a +0 robe
 e - a +1 leather armour (worn)


   Skills:
 * Level 3.8 Fighting
 * Level 3.4 Long Blades
 - Level 3.2 Dodging
 - Level 1.5 Stealth


You had one spell level left.
You knew the following spells:

 Your Spells              Type           Power      Damage    Failure   Level
a - Beastly Appendage     Tmut           0%         N/A       43%         1
Your spell library was empty.

Dungeon Overview and Level Annotations

Branches:
Dungeon (2/15)

Altars:

Annotations:
D:2 Terence


Innate Abilities, Weirdness & Mutations

You are immune to poison.
Your flesh is very heat resistant. (rF++)
You are vulnerable to cold. (rC-)
You float through the air rather than walking.
You learn spells naturally, not from books.
Your magical power is your life essence.
You have superior vitality. (+4 HP)


Message History

You feel attractive to monsters. Terence hits you with a +0 short sword.
As you read the scroll labelled LOLASTR ZOARR, it crumbles to dust.
It is a scroll of enchant armour.
Your +0 leather armour glows green for a moment.
Terence barely misses you.
As you read the scroll labelled OKHULU IVVAO, it crumbles to dust.
It is a scroll of brand weapon.
Your +0 falchion is engulfed in flames!
a - a +0 falchion of flaming (weapon)
Terence closely misses you.
You hit Terence but do no damage.
Terence is lightly wounded.
Terence hits you with a +0 short sword!
* * * LOW HITPOINT WARNING * * *
Unknown command.
Unknown command.
Unknown command.
As you read the scroll labelled DIRIFU HOOFYUFF, it crumbles to dust.
The scroll dissolves into smoke.
It was a scroll of fog.
Terence closely misses you.
You riposte.
You hit Terence but do no damage.
Terence is lightly wounded.
As you read the scroll labelled FORUIFFAIQA, it crumbles to dust.
You feel strangely unstable.
It was a scroll of teleportation.
Terence hits you with a +0 short sword.
* * * LOW HITPOINT WARNING * * *
Unknown command.
Your surroundings suddenly seem different.
Unknown command.
You start resting.
A ball python comes into view.
The ball python is pulled toward you!
A ball python is nearby!
A ball python is nearby!
The ball python is pulled toward you!
You catch the helpless ball python completely off-guard!
You hit the ball python. You burn the ball python.
The ball python is severely wounded.
The ball python bites you.
You die...

#. .# #. .#
#.##.### ......
###.... # .
#.###.....#.#...
...........'...
#..S@.# #.#.###
###


You could see a ball python.

Vanquished Creatures
  3 dart slugs (D:1)
  2 endoplasms (D:1)
  2 giant cockroaches (D:1)
  2 hobgoblins (D:1)
  4 kobolds
  2 quokkas (D:1)
  3 ball pythons (D:1)
  7 bats (D:1)
  2 frilled lizards (D:1)
  4 goblins (D:1)
  5 rats
36 creatures vanquished.

Notes
Turn   | Place    | Note
-------+----------+-------------------------------------------
     0 | D:1      | dickylongcocking the Djinni Monk began the quest for the
                  | Orb.
     0 | D:1      | Reached XP level 1. HP: 20/20 MP: 0/0
   337 | D:1      | Reached XP level 2. HP: 21/25 MP: 0/0
   506 | D:1      | Reached XP level 3. HP: 19/30 MP: 0/0
   506 | D:1      | Learned a level 1 spell: Beastly Appendage
  1387 | D:2      | Noticed Terence
  1398 | D:2      | HP: 1/31 [Terence/+0 short sword (5)]
  1418 | D:2      | Slain by a ball python

Illustrated notes

Levels and vault maps discovered:
D:1:      dpeg_arrival_simpleton_b, layout_basic, glass_columns_b,
          kennysheep_boxes
D:2:      minmay_door_path, layout_loops_corners, lemuel_round_altar,
          lemuel_doored_altar, chequers_ecumenical_altar_island, minivault_25,
          uniq_terence

Skill      XL: |  1 |
---------------+----+-----
Long Blades    | 3 |  3.4
Fighting       | |  3.8
Dodging        | |  3.2
Stealth        | |  1.5

Action                   || total
-------------------------++-------
Melee: Falchion          ||    83
  Use: Scroll            ||     4
       Potion            ||     2
 Stab: Sleeping          ||     4
       Distracted        ||     1
Armor: Robe              ||    15
       Leather armour    ||     9
Dodge: Dodged            ||    78
       Rpst.: Falchion   ||    22

Table legend: (Time is in decaauts)
 A = Elapsed time spent in this place.
 B = Non-inter-level travel time spent in this place.
 C = Inter-level travel time spent in this place.
 D = Time resting spent in this place.
 E = Time spent auto-exploring this place.
 F = Levels seen in this place.
 G = Mean time per level.
                   A        B        C        D        E       F      G
               +--------+--------+--------+--------+--------+-----+--------+
         Total |   1430 |   1393 |     37 |    187 |    941 |   2 |  715.0 |
       Dungeon |   1430 |   1393 |     37 |    187 |    941 |   2 |  715.0 |
               +--------+--------+--------+--------+--------+-----+--------+

Top non-repeatable levels by time:
     D:1: 1310 daAuts
     D:2: 119 daAuts
